 Dungeon Crawl Stone Soup version 0.23.0 (webtiles) character file.

Game seed: 10879661225418543918

65 zishaf the Firebug (level 3, 0/19 HPs)
             Began as a Deep Elf Fire Elementalist on Feb 18, 2019.
             Slain by Grinder (10 damage)
             ... while paralysed by Grinder
             ... on level 3 of the Dungeon.
             The game lasted 00:03:07 (1707 turns).

zishaf the Firebug (Deep Elf Fire Elementalist)     Turns: 1707, Time: 00:03:08

Health: 0/19       AC:  4    Str:  6    XL:     3   Next: 94%
Magic:  4/10       EV:  2    Int: 19    God:
Gold:   70         SH:  0    Dex: 15    Spells: 3/9 levels left

rFire    + . .     SeeInvis .   d - +1 dagger
rCold    x . .     Gourm    .   (no shield)
rNeg     . . .     Faith    .   a - +0 robe
rPois    .         Spirit   .   (no helmet)
rElec    .         Reflect  .   (no cloak)
rCorr    .         Harm     .   e - +1 pair of gloves (curse)
MR       .....                  (no boots)
Stlth    ++........             o - amulet of regeneration
HPRegen  0.46/turn              i - ring of fire
MPRegen  0.12/turn              (no ring)

@: paralysed
A: no striking features
a: no special abilities


You were on level 3 of the Dungeon.
You were not hungry.

You visited 1 branch of the dungeon, and saw 3 of its levels.

You collected 70 gold pieces.

Inventory:

Hand Weapons
 d - a +1 dagger (weapon)
Missiles
 j - 44 stones (quivered)
Armour
 a - a +0 robe (worn)
 e - a cursed +1 pair of gloves (worn)
 n - a +0 leather armour
Jewellery
 i - a ring of fire (left hand)
 o - an amulet of regeneration (around neck)
Scrolls
 b - a scroll of enchant weapon
 f - a scroll of identify {unknown}
 l - 3 scrolls of teleportation
Potions
 g - 2 potions of curing {unknown}
 h - a potion of degeneration {unknown}
Comestibles
 c - 5 rations
 m - 3 chunks of flesh


   Skills:
 + Level 3.1 Dodging
 + Level 3.2 Stealth
 + Level 3.7 Spellcasting
 + Level 2.0 Conjurations
 + Level 3.8 Fire Magic


You had 3 spell levels left.
You knew the following spells:

 Your Spells              Type           Power        Failure   Level  Hunger
a - Flame Tongue          Conj/Fire      ###..        4%          1    None
b - Throw Flame           Conj/Fire      ###...       6%          2    ##.....
c - Conjure Flame         Conj/Fire      ###.....     13%         3    ###....

Your spell library contained the following spells:

 Spells                   Type           Power        Failure   Level  Hunger
 Inner Flame              Hex/Fire       ###.....     19%         3    ###....
 Sticky Flame             Conj/Fire      ###.....     38%         4    ####...
 Fireball                 Conj/Fire      ###.......   75%         5    ######.


Dungeon Overview and Level Annotations

Branches:
Dungeon (3/15)

Altars:
Gozag
Uskayaw

Annotations:
D:3 Grinder


Message History

Found a robe.
Casting: Flame Tongue (safe; 4% risk of failure)
Confirm with . or Enter, or press ? or * to list all spells.
Aiming: Flame Tongue (safe; 4% risk of failure)
Press: ? - help, Shift-Dir - straight line, f/p - Grinder
Aim: Grinder (lightly wounded)
You feel a surge of power!
The flame tongue hits Grinder.
Grinder is lightly wounded.
Casting: Flame Tongue (safe; 4% risk of failure)
Confirm with . or Enter, or press ? or * to list all spells.
Aiming: Flame Tongue (safe; 4% risk of failure)
Press: ? - help, Shift-Dir - straight line, f/p - Grinder
Aim: Grinder (lightly wounded)
You feel a surge of power!
The flame tongue hits Grinder!
Grinder is moderately wounded.
Grinder gestures at you.
You suddenly lose the ability to move!
Grinder hits you! x2
Ouch! That really hurt!
You die...

####
###################.....
......5....)).†.!.......
.
###############5@...###
# ## ##..##### .####
#..## ....# ##.##
###.### ##..# ###.<.##
#..## .####..# #.##
..####.# #.# ...###.#
#.# #.b##


You could see Grinder.

Vanquished Creatures
  3 adders
  A worm (D:3)
  A leopard gecko (D:2)
  An orc (D:3)
  2 ball pythons
  4 giant cockroaches (D:1)
  5 goblins (D:1)
  3 hobgoblins
  2 bats (D:1)
  2 frilled lizards (D:1)
  4 kobolds
  6 rats (D:1)
34 creatures vanquished.

Notes
Turn   | Place    | Note
-------+----------+-------------------------------------------
     0 | D:1      | zishaf the Deep Elf Fire Elementalist began the quest for
                  | the Orb.
     0 | D:1      | Reached XP level 1. HP: 10/10 MP: 6/6
   411 | D:1      | Reached XP level 2. HP: 15/15 MP: 2/8
   475 | D:1      | Learned a level 2 spell: Throw Flame
  1304 | D:2      | Reached XP level 3. HP: 19/19 MP: 7/10
  1319 | D:2      | Learned a level 3 spell: Conjure Flame
  1446 | D:2      | Found an opulent altar of Gozag.
  1569 | D:2      | You fall through a shaft!
  1569 | D:3      | Found a hide-covered altar of Uskayaw.
  1637 | D:3      | Noticed Grinder
  1654 | D:3      | Paralysed by Grinder for 6 turns
  1664 | D:3      | Paralysed by Grinder for 3 turns
  1705 | D:3      | Paralysed by Grinder for 5 turns
  1707 | D:3      | Slain by Grinder

Skill      XL: |  1  2  3 |
---------------+----------+-----
Stealth        | 3 |  3.2
Dodging        | 3 |  3.1
Conjurations   | 2 |  2.0
Spellcasting   | |  3.7
Fire Magic     | |  3.8

Action                   || total
-------------------------++-------
Melee: Dagger            ||    16
 Cast: Flame Tongue      ||    61
       Conjure Flame     ||     1
  Use: Scroll            ||     4
  Eat: Chunk             ||     2
Armor: Robe              ||     7
Dodge: Dodged            ||    29
